 Dungeon Crawl Stone Soup version 0.24-a0-479-g9a978d2894 (webtiles) character file.

Game seed: 4064136072671973591

223 ivs the Chopper (level 6, 0/32 HPs)
             Began as a Vine Stalker Fighter on July 7, 2019.
             Was an Initiate of Ru.
             Succumbed to an orc's poison
             ... on level 3 of the Dungeon.
             The game lasted 00:10:03 (777 turns).

ivs the Chopper (Vine Stalker Fighter)               Turns: 777, Time: 00:10:04

Health: 0/32       AC: 12    Str: 20    XL:     6   Next: 0%
Magic:  2/7        EV:  5    Int:  8    God:    Ru [......]
Gold:   113        SH:  9    Dex: 14    Spells: 5/5 levels left

rFire    . . .     SeeInvis .   a - +0 war axe
rCold    . . .     Gourm    .   c - +0 shield
rNeg     . . .     Faith    .   r - +0 chain mail
rPois    .         Spirit   +   s - +0 helmet
rElec    .         Reflect  .   i - +1 cloak
rCorr    .         Harm     .   (no gloves)
MR       .....                  (no boots)
Stlth    ..........             (no amulet)
HPRegen  0.50/turn              (no ring)
MPRegen  0.10/turn              (no ring)

@: lethally poisoned (0 -> 0)
A: fangs 2, regeneration 1, magic shield, antimagic bite, no potion heal 3, rot
immunity
a: Renounce Religion


You were on level 3 of the Dungeon.
You worshipped Ru.
Ru was noncommittal.
You were not hungry.

You visited 1 branch of the dungeon, and saw 3 of its levels.

You collected 113 gold pieces.

Inventory:

Hand Weapons
 a - a +0 war axe (weapon)
 n - a +4 quarterstaff of chaos
Missiles
 g - 50 stones
 m - 7 poisoned darts (quivered)
Armour
 b - a cursed +0 leather armour
 c - a +0 shield (worn)
 i - a +1 cloak (worn)
 r - a +0 chain mail (worn)
 s - a +0 helmet (worn)
Scrolls
 e - a scroll of enchant armour {unknown}
 h - a scroll of blinking {unknown}
 j - 2 scrolls of identify {unknown}
 k - 2 scrolls of fog
 o - a scroll of enchant weapon {unknown}
 p - a scroll of remove curse {unknown}
Comestibles
 f - 6 rations


   Skills:
 - Level 2.6 Fighting
 + Level 5.5 Axes
 - Level 2.4 Armour
 - Level 2.6 Shields


You had 5 spell levels left.
You didn't know any spells.
Your spell library was empty.

Dungeon Overview and Level Annotations

Branches:
Dungeon (3/15)

Altars:
Elyvilon
Ru
Beogh


Innate Abilities, Weirdness & Mutations

You have extremely sharp teeth.
Your natural rate of healing is unusually fast.
When hurt, damage is shared between your health and your magic reserves.
Your bite disrupts and absorbs the magic of your enemies.
Potions cannot restore your health.
You are immune to rotting.


Message History

* * * LOW HITPOINT WARNING * * *
You feel sick. The orc hits you but does no damage. You block the orc's attack.
The orc priest looks braver for a moment.
You closely miss the orc. Your bite misses the orc.
* * * LOW HITPOINT WARNING * * *
You feel sick. The orc hits you but does no damage. x3
You block the orc's attack.
You slash the orc!
You kill the orc!
You have reached level 6!
Your experience leads to an increase in your attributes!
Increase (S)trength, (I)ntelligence, or (D)exterity?
You feel stronger.
You feel sick.
The orc priest miscasts a cantrip.
The orc hits you from afar with a +0 trident.
* * * LOW HITPOINT WARNING * * *
You slash the orc priest!
The orc priest is almost dead.
You die...

######.#..†# ♣...
#######..# ♣♣..≈
##._.##...# ♣...≈
#.8o8$#...# ♣♣..≈
#.$o$$#...# ♣...
.8o8$#..># ♣♣.. ###.oo
##### ♣♣. #§##o#### ♣♣
#@##.##.# ♣♣.
...#.#o##.##.##### ♣♣..
.....$)o§§.##...#.# ♣.))
####.###§#.##..##.###.)≈
# ...#.##..........≈
#####.##.######...≈
#....# #.... ######
#...) ##...


You could see an orc priest and an orc.

Vanquished Creatures
  3 orc priests (D:3)
  Crazy Yiuf (D:2)
  Terence (D:2)
  An adder (D:3)
  A dart slug (D:1)
  3 leopard geckos
  12 orcs (D:3)
  3 giant cockroaches
  7 goblins
  6 hobgoblins
  A ball python (D:3)
  A bat (D:1)
  5 frilled lizards (D:1)
  9 kobolds
  7 rats
61 creatures vanquished.

Notes
Turn   | Place    | Note
-------+----------+-------------------------------------------
     0 | D:1      | ivs the Vine Stalker Fighter began the quest for the Orb.
     0 | D:1      | Reached XP level 1. HP: 11/11 MP: 2/2
    43 | D:1      | Reached skill level 2 in Axes
    63 | D:1      | Reached XP level 2. HP: 14/16 MP: 3/3
   148 | D:1      | Reached skill level 3 in Axes
   166 | D:1      | Reached XP level 3. HP: 8/19 MP: 4/4
   203 | D:2      | Noticed Terence
   213 | D:2      | Killed Terence
   213 | D:2      | Gained mutation: Your natural rate of healing is unusually
                  | fast. [Vine Stalker growth]
   213 | D:2      | Reached XP level 4. HP: 13/23 MP: 3/5
   274 | D:2      | Found a sacrificial altar of Ru.
   282 | D:2      | Became a worshipper of Ru the Awakened
   424 | D:2      | Found a runed translucent door.
   425 | D:2      | Noticed Crazy Yiuf
   470 | D:2      | Killed Crazy Yiuf
   470 | D:2      | Reached skill level 4 in Axes
   656 | D:3      | Reached XP level 5. HP: 27/27 MP: 6/6
   658 | D:3      | Reached skill level 5 in Axes
   669 | D:3      | Found a white marble altar of Elyvilon.
   748 | D:3      | Found a roughly hewn altar of Beogh.
   776 | D:3      | Reached XP level 6. HP: 2/32 MP: 5/7
   776 | D:3      | HP: 1/32 [orc/+0 trident (1)]
   777 | D:3      | Succumbed to an orc's poison

Levels and vault maps discovered:
D:1:      psy_arrival_conway, layout_rooms
D:2:      layout_loops_cross, nicolae_overflow_crystal_walls, st_stairs_3,
          uniq_terence, uniq_crazy_yiuf_cottage
D:3:      layout_basic, elyvilon_altar_3, kennysheep_orc_chapel

Skill      XL: |  1  2  3  4  5 |
---------------+----------------+-----
Axes           | 2 3 4 5 |  5.5
Fighting       | |  2.6
Armour         | |  2.4
Shields        | |  2.6

Action                   |  1- 3 |  4- 6 || total
-------------------------+-------+-------++-------
Melee: War axe           |    56 |    89 ||   145
       Bite              |    15 |    29 ||    44
Throw: Dart              |     5 |     2 ||     7
  Use: Potion            |       |     5 ||     5
       Scroll            |       |     1 ||     1
Armor: Scale mail        |    29 |     2 ||    31
       Chain mail        |       |    47 ||    47
Dodge: Dodged            |    15 |    13 ||    28
Block: Shield            |    29 |    41 ||    70

Table legend:
 A = Non-vault XP
 B = Vault XP
 C = Vault XP percentage of total XP
 D = Non-vault monster count
 E = Vault monster count
 F = Vault count percentage of total count
                 A         B        C        D         E       F
            +---------+---------+-------+---------+---------+-------
      Total |     240 |      79 |  24.8 |      57 |       4 |   6.6
            +---------+---------+-------+---------+---------+-------
        D:1 |      47 |       0 |   0.0 |      29 |       0 |   0.0
        D:2 |      11 |      73 |  86.9 |       6 |       2 |  25.0
        D:3 |     182 |       6 |   3.2 |      22 |       2 |   8.3
            +---------+---------+-------+---------+---------+-------
